 Dungeon Crawl Stone Soup version 0.29.1-15-g9cfb28693d (webtiles) character file.

Game seed: 3162407736430189827

29309 LLlMATKO the Fighter (level 13, -2/122 HPs)
             Began as a Minotaur Berserker on Apr 30, 2023.
             Was a High Priest of Trog.
             Slain by an eight-headed hydra (6 damage)
             ... on level 14 of the Dungeon.
             The game lasted 00:22:52 (17104 turns).

LLlMATKO the Fighter (Minotaur Berserker)          Turns: 17104, Time: 00:22:53

Health: -2/122     AC: 24    Str: 27    XL:     13   Next: 14%
Magic:  12/12      EV: 14    Int:  4    God:    Trog [*****.]
Gold:   486        SH:  0    Dex: 19    Spells: 12/12 levels left

rFire   + . .      SeeInvis .   N - +1 demon whip (venom)
rCold   + . .      Faith    .   J - +0 buckler
rNeg    . . .      Spirit   .   T - +0 plate armour {rPois}
rPois   +          Reflect  .   (helmet restricted)
rElec   .          Harm     .   s - scarf {rC+ rF+}
rCorr   .          Rampage  .   M - +2 pair of gloves {Str+3}
Will    .....                   q - +0 pair of boots
Stlth   ..........              (no amulet)
HPRegen 0.30/turn               O - +4 ring of protection
MPRegen 0.13/turn               V - +6 ring of dexterity

@: confused
A: horns 2, retaliatory headbutt
a: Renounce Religion, Berserk, Trog's Hand, Brothers in Arms


You were on level 14 of the Dungeon.
You worshipped Trog.
Trog was extremely pleased with you.
You visited 1 branch of the dungeon, and saw 14 of its levels.
You also visited: Ossuary and Bailey.

You collected 837 gold pieces.
You spent 351 gold pieces at shops.

Inventory:

Hand Weapons
 m - the +2 spear "Ulol" {elec, Dex+2}
   (You found it on level 2 of the Dungeon)

   It occasionally discharges a powerful burst of electricity upon striking a
   foe.
   Dex:       It affects your dexterity (+2).
 u - the +3 great mace of Caufi {flame, Dex+6}
   (Trog gifted it to you on level 9 of the Dungeon)

   It burns those it strikes, dealing additional fire damage.
   Dex:       It affects your dexterity (+6).
 I - a +2 hand axe of electrocution
 L - the +8 halberd of Rebriup {vamp, Dex+5}
   (You found it in a bailey)

   It occasionally heals its wielder for a portion of the damage dealt when it
   wounds a living foe.
   Dex:       It affects your dexterity (+5).
 N - a +1 demon whip of venom (weapon)
 W - a +0 war axe of flaming
Missiles
 d - a curare-tipped dart
 e - 55 poisoned darts (quivered)
 f - 9 boomerangs
 r - 5 atropa-tipped darts
 x - a silver boomerang
 A - 5 javelins
 B - 3 throwing nets
Armour
 q - a +0 pair of boots (worn)
 s - a scarf of resistance (worn)
 v - a +1 chain mail of cold resistance
 J - a +0 buckler (worn)
 M - a +2 pair of gloves of strength (worn)
 T - a +0 plate armour of poison resistance (worn)
Jewellery
 n - a +4 ring of protection
 O - a +4 ring of protection (left hand)
 V - a +6 ring of dexterity (right hand)
Wands
 a - a wand of iceblast (10)
 t - a wand of flame (93)
 y - a wand of digging (8)
 D - a wand of charming (5)
 G - a wand of light (10)
 P - a wand of polymorph (13)
Scrolls
 c - 2 scrolls of poison
 g - a scroll of magic mapping
 j - 3 scrolls of butterflies
 l - 11 scrolls of teleportation
 o - 2 scrolls of enchant armour
 z - a scroll of identify
 E - a scroll of enchant weapon
 H - a scroll of fear
 Q - a scroll of torment {unknown}
 R - a scroll of blinking
 S - 2 scrolls of silence
 U - 2 scrolls of immolation {unknown}
Potions
 b - 2 potions of magic
 h - 2 potions of haste
 i - 9 potions of curing
 k - 5 potions of heal wounds
 p - a potion of resistance
 w - 2 potions of invisibility
 C - 6 potions of might
 F - 2 potions of degeneration {unknown}
 K - 5 potions of flight {unknown}


   Skills:
 + Level 13.0 Fighting
 - Level 12.1(12.5) Axes
 + Level 4.7(9.1) Maces & Flails
 + Level 12.8 Armour
 + Level 11.7 Dodging
 + Level 10.2 Shields


You had 12 spell levels left.
You didn't know any spells.
Your spell library was empty.

Dungeon Overview and Level Annotations

Branches:
Dungeon (14/15)            Temple (0/1) D:7            Lair (0/5) D:10
    Orc (0/2) D:9         Ossuary (visited)          Bailey (visited)
 Vaults: D:13-14

Altars:
Ashenzari
Fedhas
Nemelex Xobeh
Okawaru
Qazlal
Sif Muna
Trog

Shops:
D:1 [   D:8 *

Annotations:
D:3 2 transporters, p0werm0de's ghost, amateur MiFi


Innate Abilities, Weirdness & Mutations

You have a pair of horns on your head.
You reflexively headbutt those who attack you in melee.


Message History

The eight-headed hydra bites you but does no damage. x3
The eight-headed hydra bites you.
* * * LOW HITPOINT WARNING * * *
The eight-headed hydra barely misses you.
The eight-headed hydra misses you.
The boulder beetle bites you but does no damage.
You are too confused!
Unknown command.
You are too confused!
You whack the basilisk!
The basilisk is poisoned.
The basilisk is moderately wounded.
The hog closely misses you. The basilisk bites you.
* * * LOW HITPOINT WARNING * * *
The eight-headed hydra bites you but does no damage. x2
The eight-headed hydra misses you. The eight-headed hydra bites you!
* * * LOW HITPOINT WARNING * * *
The eight-headed hydra bites you but does no damage.
The eight-headed hydra misses you.
The eight-headed hydra bites you but does no damage. x2
Unknown command.
You thrash the hog!!
The hog looks as sick as possible!
The hog is severely wounded.
The boulder beetle leaps!
The hog completely misses you.
Unknown command.
You bump into the closed door.
The eight-headed hydra barely misses you. x2
The eight-headed hydra completely misses you.
The eight-headed hydra bites you but does no damage. x3
The eight-headed hydra bites you!
* * * LOW HITPOINT WARNING * * *
The eight-headed hydra bites you but does no damage.
The basilisk bites you but does no damage.
The hog bites you.
* * * LOW HITPOINT WARNING * * *
The hog misses you.
You bump into the closed door.
The hog misses you.
The eight-headed hydra bites you but does no damage.
The eight-headed hydra closely misses you.
The eight-headed hydra bites you.
You die...

## .##.##
....# ....
. #>.# ...
##..##..B.
#lD.......
+@h.#
##h<# #..#
.....#
.......#
..#.##..#.
# ##
######


You could see a boulder beetle (very poisoned), an eight-headed hydra, a
basilisk shaped shifter (very poisoned) and 2 hogs.

Vanquished Creatures
  3 boulder beetles
  2 hydras
  A catoblepas (D:13)
  2 centaur warriors (D:13)
  5 two-headed ogres
  A tengu warrior (D:14)
  5 skeletal warriors (D:10)
  Pikel (D:5)
  An orc sorcerer (D:10)
  A manticore (D:11)
  An ugly thing (D:13)
  3 gargoyles
  2 komodo dragons (D:10)
  A kobold demonologist (D:10)
  2 unseen horrors
  A tengu conjurer (D:14)
  2 trolls
  6 hornets
  6 slime creatures (D:12)
  2 shadows
  Eustachio (D:6)
  3 vampires
  6 yaks (D:10)
  A wraith (D:13)
  4 vampire mosquitoes
  Menkaure (D:5)
  A two-headed ogre zombie (D:9)
  Edmund (D:6)
  2 acid dragons
  A water moccasin (D:8)
  Duvessa (D:6)
  A floating eye (D:10)
  3 orc warriors (D:7)
  3 ice beasts
  A black bear (D:7)
  2 ogres
  9 centaurs
  3 lemures (D:5)
  2 phantoms
  4 kobold brigands
  A necrophage (D:5)
  4 bullfrogs
  2 gnoll sergeants
  Blork the orc (D:4)
  6 water moccasin zombies (Ossuary)
  6 scorpions
  13 wights
  Dowan (D:6)
  14 killer bees (D:9)
  3 troll zombies (D:9)
  7 vampire bats (Bailey)
  6 howler monkeys
  5 wolf zombies (Bailey)
  2 hounds
  3 gnoll boudas
  5 orc priests
  Jessica (D:3)
  3 iguanas
  Ijyb (D:4)
  Natasha (thrice) (D:3)
  12 orc wizards
  4 ogre zombies (D:9)
  3 mummies
  9 adders
  27 gnolls
  A shadow imp (D:7)
  A white imp (D:7)
  An ufetubus (D:6)
  4 adder zombies (Ossuary)
  A worm (D:13)
  5 dart slugs
  53 orcs
  4 ball pythons
  12 endoplasms
  3 giant cockroaches
  2 gnoll zombies (Ossuary)
  3 goblins
  7 hobgoblins
  7 quokkas
  8 bats
  3 frilled lizards
  3 goblin skeletons (D:9)
  3 goblin zombies (D:9)
  2 hobgoblin skeletons (D:9)
  7 hobgoblin zombies
  23 kobolds
  5 kobold zombies
  38 orc zombies
  13 rats
449 creatures vanquished.

Vanquished Creatures (collateral kills)
  Amaemon (D:8)
  An orange demon (D:8)
  A lemure (D:5)
  A gnoll (D:6)
  An ufetubus (D:6)
  2 orcs
7 creatures vanquished.

Vanquished Creatures (others)
  A gnoll (D:6)
  An orc (D:4)
  An orc zombie (D:7)
3 creatures vanquished.

Grand Total: 459 creatures vanquished

Notes
Turn   | Place    | Note
-------+----------+-------------------------------------------
     0 | D:1      | LLlMATKO the Minotaur Berserker began the quest for the
                  | Orb.
     0 | D:1      | Reached XP level 1. HP: 19/19 MP: 0/0
   338 | D:1      | Reached XP level 2. HP: 26/27 MP: 1/1
   437 | D:1      | Found Ybbek's Armour Boutique.
   554 | D:1      | Reached skill level 4 in Fighting
   681 | D:1      | Reached ** piety under Trog
   755 | D:1      | Reached XP level 3. HP: 33/33 MP: 2/2
  1369 | D:2      | Identified the +2 spear "Ulol" {elec, Dex+2}
  2201 | D:3      | Reached XP level 4. HP: 31/41 MP: 3/3
  2326 | D:3      | Noticed Jessica
  2334 | D:3      | Killed Jessica
  2428 | D:3      | Noticed a scorpion
  2439 | D:3      | Killed a scorpion
  2440 | D:3      | Reached XP level 5. HP: 18/47 MP: 4/4
  2936 | D:3      | Noticed Natasha
  2940 | D:3      | Killed Natasha
  2962 | D:3      | Reached *** piety under Trog
  2979 | D:3      | Noticed a small abomination
  2988 | D:3      | Found a transporter.
  3091 | D:3      | Found a sparkling altar of Nemelex Xobeh.
  3113 | D:3      | Found a transporter.
  3126 | D:3      | Noticed p0werm0de's ghost (amateur MiFi)
  3142 | D:3      | Reached skill level 5 in Fighting
  3180 | D:3      | Noticed Natasha
  3192 | D:3      | Killed Natasha
  3193 | D:3      | Reached skill level 5 in Axes
  3370 | D:3      | Noticed Natasha
  3376 | D:3      | Killed Natasha
  3377 | D:3      | Reached XP level 6. HP: 56/56 MP: 5/5
  3650 | D:4      | Found a sand-covered staircase.
  3656 | Ossuary  | Entered an ossuary
  3756 | Ossuary  | Reached skill level 5 in Armour
  3756 | Ossuary  | Reached XP level 7. HP: 62/62 MP: 6/6
  3860 | Ossuary  | Reached **** piety under Trog
  3884 | Ossuary  | Reached skill level 6 in Fighting
  3934 | Ossuary  | Reached skill level 5 in Dodging
  4048 | D:4      | Found a shimmering blue altar of Sif Muna.
  4453 | D:4      | Noticed Blork the orc
  4461 | D:4      | Killed Blork the orc
  4863 | D:4      | Noticed Ijyb
  4867 | D:4      | Killed Ijyb
  5184 | D:5      | Entered Level 5 of the Dungeon
  5191 | D:5      | Reached XP level 8. HP: 56/71 MP: 7/7
  5203 | D:5      | Noticed Pikel
  5226 | D:5      | Killed Pikel
  5227 | D:5      | Reached skill level 7 in Fighting
  5721 | D:5      | Noticed Menkaure
  5728 | D:5      | Killed Menkaure
  5729 | D:5      | Reached XP level 9. HP: 54/81 MP: 8/8
  5869 | D:5      | Reached skill level 8 in Fighting
  6416 | D:6      | Found a stormy altar of Qazlal.
  6834 | D:6      | Noticed Edmund
  6846 | D:6      | Killed Edmund
  7008 | D:6      | Noticed Duvessa
  7012 | D:6      | Noticed Dowan
  7017 | D:6      | Killed Duvessa
  7018 | D:6      | Reached skill level 1 in Shields
  7021 | D:6      | Killed Dowan
  7117 | D:6      | Noticed Eustachio
  7129 | D:6      | Killed Eustachio
  7724 | D:7      | Found a staircase to the Ecumenical Temple.
  7814 | D:7      | Reached ***** piety under Trog
  7972 | D:7      | Noticed a troll
  7976 | D:7      | Reached skill level 9 in Fighting
  7992 | D:7      | Killed a troll
  7993 | D:7      | Reached XP level 10. HP: 91/91 MP: 9/9
  8515 | D:7      | Found an iron altar of Okawaru.
  8709 | D:7      | Found a bloodstained altar of Trog.
  8709 | D:7      | Found a blossoming altar of Fedhas.
  8740 | D:7      | Found a runed translucent door.
  8942 | D:8      | Found a flagged portal.
  8996 | Bailey   | Entered a bailey
  9330 | Bailey   | Reached skill level 5 in Shields
  9355 | Bailey   | Noticed a gargoyle
  9364 | Bailey   | Killed a gargoyle
  9497 | Bailey   | Identified the +8 halberd of Rebriup {vamp, Dex+5}
  9969 | D:8      | Reached skill level 10 in Fighting
  9988 | D:8      | Reached skill level 10 in Axes
 10018 | D:8      | Noticed Amaemon
 10025 | D:8      | Noticed an orange demon
 10028 | D:8      | Killed Amaemon
 10032 | D:8      | Killed an orange demon
 10033 | D:8      | Reached skill level 10 in Armour
 10332 | D:8      | Found Veytito's Assorted Antiques.
 10723 | D:1      | Bought a +0 plate armour of poison resistance for 351 gold
                  | pieces
 11038 | D:9      | Reached XP level 11. HP: 101/101 MP: 10/10
 11222 | D:9      | Noticed a two-headed ogre
 11234 | D:9      | Killed a two-headed ogre
 11357 | D:9      | Found a staircase to the Orcish Mines.
 11409 | D:9      | Identified the +3 great mace of Caufi {flame, Dex+6} (Trog
                  | gifted it to you on level 9 of the Dungeon)
 11409 | D:9      | Received a gift from Trog
 11597 | D:9      | Found a broken altar of Ashenzari.
 11892 | D:10     | Entered Level 10 of the Dungeon
 12328 | D:10     | Found a staircase to the Lair.
 12360 | D:10     | Reached skill level 11 in Fighting
 12535 | D:10     | Noticed a skeletal warrior
 12539 | D:10     | Noticed a skeletal warrior
 12543 | D:10     | Noticed a skeletal warrior
 12544 | D:10     | Noticed a skeletal warrior
 12546 | D:10     | Noticed a skeletal warrior
 12551 | D:10     | Killed a skeletal warrior
 12553 | D:10     | Killed a skeletal warrior
 12560 | D:10     | Killed a skeletal warrior
 12561 | D:10     | Reached skill level 10 in Dodging
 12567 | D:10     | Killed a skeletal warrior
 12567 | D:10     | Killed a skeletal warrior
 13157 | D:10     | Paralysed by a floating eye for 2 turns
 13161 | D:10     | Noticed an orc sorcerer
 13172 | D:10     | Reached XP level 12. HP: 110/110 MP: 11/11
 13346 | D:11     | Noticed a two-headed ogre
 13346 | D:11     | Noticed a five-headed hydra
 13353 | D:11     | Killed a five-headed hydra
 13357 | D:11     | Killed a two-headed ogre
 13472 | D:11     | Noticed a two-headed ogre
 13482 | D:11     | Killed a two-headed ogre
 13483 | D:11     | Reached skill level 12 in Fighting
 13713 | D:11     | Noticed a boulder beetle
 13729 | D:11     | Killed a boulder beetle
 14390 | D:12     | Reached skill level 1 in Maces & Flails
 14484 | D:12     | Noticed a boulder beetle
 14494 | D:12     | Killed a boulder beetle
 14796 | D:12     | Noticed a two-headed ogre
 14805 | D:12     | Killed a two-headed ogre
 14992 | D:12     | Noticed a six-headed hydra
 15006 | D:12     | Killed a six-headed hydra
 15823 | D:13     | Noticed a centaur warrior
 15828 | D:13     | Noticed a catoblepas
 15831 | D:13     | Killed a centaur warrior
 15841 | D:13     | Killed a catoblepas
 16031 | D:13     | Noticed a centaur warrior
 16040 | D:13     | Killed a centaur warrior
 16040 | D:13     | Received a gift from Trog
 16231 | D:13     | Found a bloodstained altar of Trog.
 16333 | D:13     | Reached skill level 10 in Shields
 16414 | D:13     | Reached XP level 13. HP: 119/119 MP: 12/12
 16708 | D:14     | Reached skill level 13 in Fighting
 17103 | D:14     | HP: 4/122 [hog[Kirke] (5)]
 17104 | D:14     | Slain by an eight-headed hydra

Illustrated notes

Levels and vault maps discovered:
D:1:      saegor_arrival_miasma, layout_loops_ring, serial_shops, shop_statue
D:2:      layout_basic, chequers_mini_garden
D:3:      layout_basic, mainiacjoe_overflow_alcove_2,
          gammafunk_ghost_abyssal_escape, eino_tiny_chamber,
          due_unseen_surprise, uniq_jessica, uniq_natasha
D:4:      layout_basic, nicolae_sif_muna_little_library,
          nicolae_ossuary_entry_giza, uniq_blork_the_orc, uniq_ijyb
D:5:      layout_cave_pools, serial_rivers, chequers_serial_rivers_micro_e,
          chequers_serial_rivers_micro_d, chequers_serial_rivers_micro_a,
          chequers_serial_rivers_micro_e, chequers_serial_rivers_micro_e,
          uniq_menkaure, uniq_pikel
D:6:      layout_basic, kennysheep_mini, water_maze_lemuel, uniq_edmund,
          uniq_eustachio, uniq_duvessa
D:7:      cheibrodos_barr_body, layout_loops_ring, mainiacjoe_overflow_24_doors,
          gammafunk_temple_overflow_pools, minmay_temple_entry_large_hall,
          lightli_church_of_beogh
D:8:      layout_loops_ring, serial_shops, nicolae_stop_n_shop_1,
          enter_bailey_2, uniq_amaemon
D:9:      layout_rooms, mainiacjoe_overflow_small_starburst, zombieorc2_lemuel
D:10:     hellmonk_paralyzer, layout_loops_ring, lair_entry_dummy,
          kennysheep_nub
D:11:     layout_roguey
D:12:     layout_basic, serial_bayou_pond_d
D:13:     layout_basic, serial_glass, glass_columns_c, glass_columns_b,
          glass_columns_a, glass_columns_a, glass_columns_a, glass_columns_c,
          tgw_trog
D:14:     layout_gridville, david_vaults_1, elyvilon_altar_4, uniq_jorgrun,
          uniq_lodul, uniq_kirke

Skill      XL: |  1  2  3  4  5  6  7  8  9 10 11 12 13 |
---------------+----------------------------------------+-----
Fighting       | 4 5 6 7 9 10 11 12 13 | 13.0
Axes           | 4 5 6 7 9 10 11 12 | 12.1
Armour         | 3 4 5 6 7 8 10 11 12 | 12.8
Dodging        | 3 4 5 6 7 9 10 11 | 11.7
Shields        | 3 6 8 10 | 10.2
Maces & Flails | 4 |  4.7

Action                   |  1- 3 |  4- 6 |  7- 9 | 10-12 | 13-15 || total
-------------------------+-------+-------+-------+-------+-------++-------
Melee: Hand axe          |    94 |   115 |   266 |   447 |       ||   922
       Headbutt          |    18 |    21 |    56 |   146 |    14 ||   255
       Spear             |       |       |     9 |       |       ||     9
       Demon whip        |       |       |       |   190 |    62 ||   252
Throw: Dart              |       |     1 |       |     5 |       ||     6
       Boomerang         |       |       |       |     2 |       ||     2
Invok: Berserk           |       |     3 |     5 |    15 |       ||    23
       Trog's Hand       |       |       |       |     2 |       ||     2
       Brothers in Arms  |       |       |       |     1 |       ||     1
Evoke: Wand              |       |       |     1 |       |       ||     1
  Use: Scroll            |       |    10 |     7 |     7 |       ||    24
 Stab: Sleeping          |     2 |     1 |       |       |       ||     3
       Paralysed         |       |       |     2 |     2 |       ||     4
Armor: Animal skin       |    19 |     4 |       |       |       ||    23
       Chain mail        |       |    56 |   129 |    75 |       ||   260
       Plate armour      |       |       |       |   238 |    75 ||   313
Dodge: Dodged            |    54 |    53 |   118 |   259 |    59 ||   543
Block: Buckler           |       |       |    14 |   136 |    21 ||   171
